 Dungeon Crawl Stone Soup version 0.31.0-32-g396128a36d (webtiles) character file.

Game seed: 9319421719150484769

91 GrumpyGrim72 the Conjurer (level 4, -3/24 HPs)
             Began as a Deep Elf Conjurer on Mar 29, 2024.
             Slain by Grinder (6 damage)
             ... on level 3 of the Dungeon.
             The game lasted 00:05:23 (2286 turns).

GrumpyGrim72 the Conjurer (Deep Elf Conjurer)       Turns: 2286, Time: 00:05:24

Health: -3/24      AC:  4    Str:  6    XL:     4   Next: 33%
Magic:  12/12      EV: 11    Int: 23    God:
Gold:   123        SH:  0    Dex: 13    Spells: 8/11 levels left

rFire   . . .        c - +1 short sword (flame)
rCold   . . .        (no shield)
rNeg    . . .        e - +0 leather armour
rPois   .            (no helmet)
rElec   .            s - +0 cloak
rCorr   .            (no gloves)
SInv    +            (no boots)
Will    .....        (no amulet)
Stlth   ++           m - ring of see invisible
HPRegen 0.24/turn    (no ring)
MPRegen 0.13/turn

%: no passive effects
@: lethally poisoned (-3 -> -4)
A: no striking features
a: no special abilities


You were on level 3 of the Dungeon.
You visited 1 branch of the dungeon, and saw 3 of its levels.

You collected 123 gold pieces.

Inventory:

Hand Weapons
 c - a +1 short sword of flaming (weapon)
Missiles
 p - 2 curare-tipped darts
Armour
 e - a +0 leather armour (worn)
 s - a +0 cloak (worn)
Jewellery
 m - a ring of see invisible (left hand)
Scrolls
 a - a scroll of brand weapon {unknown}
 f - a scroll of acquirement {unknown}
 h - a scroll of poison {unknown}
 j - 2 scrolls of amnesia {unknown}
 n - a scroll of identify {unknown}
 q - a scroll of fog {unknown}
Potions
 d - a potion of heal wounds {unknown}
 g - 2 potions of curing {unknown}
 i - a potion of might {unknown}
 k - a potion of degeneration {unknown}
 l - a potion of invisibility {unknown}
 o - a potion of mutation {unknown}
 r - a potion of haste {unknown}


   Skills:
 * Level 0.3 Fighting
 * Level 0.4 Armour
 + Level 2.4 Dodging
 + Level 2.5 Stealth
 * Level 4.1 Spellcasting
 * Level 5.5 Conjurations
 * Level 0.7 Translocations
 * Level 0.5 Alchemy


You had 8 spell levels left.
You knew the following spells:

 Your Spells              Type           Power      Damage    Failure   Level
a - Magic Dart            Conj           100%       1d8       1%          1
b - Searing Ray           Conj           60%        2d6       2%          2

Your spell library contained the following spells:

 Spells                   Type           Power      Damage    Failure   Level
 Iskenderun's Mystic Bla  Conj/Tloc      19%        2d6       41%         4
 Fulminant Prism          Conj/Alch      9%         3d7       43%         4


Dungeon Overview and Level Annotations

Branches:
Dungeon (3/15)

Altars:

Annotations:
D:3 Grinder


Message History

The searing ray hits Grinder!
Grinder is heavily wounded.
The adder bites you.
You are poisoned.
The adder poisons you!
Casting: Searing Ray (safe; 2% risk of failure)
Confirm with . or Enter, or press ? or * to list all spells.
Restarting spell: Searing Ray (safe; 2% risk of failure)
Press: ? - help, Shift-Dir - straight line, f - adder
Aim: an adder (66% to hit)
The searing ray hits the adder.
The adder is moderately wounded. (Press . to maintain the ray.)
You feel sick. The adder bites you but does no damage.
The searing ray hits the adder.
The adder is almost dead.
You feel sick. The adder bites you but does no damage. Grinder gestures at you.
You resist with significant effort.
The searing ray hits the adder!
You kill the adder!
You feel sick.
You feel sick. Grinder gestures at you. Pain shoots through your body!
Casting: Searing Ray (safe; 2% risk of failure)
Confirm with . or Enter, or press ? or * to list all spells.
Aiming: Searing Ray (safe; 2% risk of failure)
Press: ? - help, Shift-Dir - straight line, f - Grinder
Aim: Grinder (heavily wounded, 77% to hit)
The searing ray hits Grinder.
Grinder is heavily wounded. (Press . to maintain the ray.)
You feel sick. Grinder hits you.
* * * LOW HITPOINT WARNING * * *
You writhe in agony.
* * * LOW HITPOINT WARNING * * *
Magic courses through your body.
You feel sick. Grinder hits you.
You die...
Grinder says, "Hey, I wasn't done torturing you yet!"

..###.# ...# .....$#.. #
#†.## #.....#. .# #....
#...... #.#.####..#.
#.#... ............<
#.#..##.#.######....
......#$........# #...###
.....##5#...#..# #.### .
.....##.@......# #.###..
.....##......######.#...#
.....##...............##
##.........######.#....
#####..#...#...# #.#.###
#................# #.#.#
##.................##...#
###.............#.........
##.#####......##########


You could see Grinder.

Vanquished Creatures
  5 adders
  4 dart slugs
  A ribbon worm (D:2)
  6 endoplasms
  2 giant cockroaches (D:1)
  2 goblins (D:1)
  A hobgoblin (D:3)
  2 jackals (D:1)
  A kobold (D:1)
  2 quokkas (D:1)
  2 ball pythons (D:1)
  5 bats
  A frilled lizard (D:1)
  5 rats
39 creatures vanquished.

Notes
Turn   | Place    | Note
-------+----------+-------------------------------------------
     0 | D:1      | GrumpyGrim72 the Deep Elf Conjurer began the quest for the
                  | Orb.
     0 | D:1      | Reached XP level 1. HP: 10/10 MP: 6/6
   323 | D:1      | Found a faded altar of an unknown god.
   396 | D:1      | Reached XP level 2. HP: 15/15 MP: 5/8
  1350 | D:2      | Learned a level 2 spell: Searing Ray
  1359 | D:2      | Reached XP level 3. HP: 19/19 MP: 3/10
  1594 | D:2      | Reached skill level 5 in Conjurations
  1796 | D:2      | Reached XP level 4. HP: 24/24 MP: 7/11
  2270 | D:3      | Noticed Grinder
  2273 | D:3      | Paralysed by Grinder for 3 turns
  2286 | D:3      | Slain by Grinder

Illustrated notes

Levels and vault maps discovered:
D:1:      ebering_trefoil_twist, layout_loops_corners,
          dreamdust_ecumenical_altar_hidden_monk_grotto
D:2:      layout_basic, dreamdust_mushroom_princess, minmay_pentomino_w2
D:3:      layout_rooms, lemuel_round_altar, kiku_gazebo_garden_becter,
          mainiacjoe_overflow_tiny_flanked, item_on_display_a, uniq_grinder

Skill      XL: |  1  2  3  4 |
---------------+-------------+-----
Conjurations   | 5 |  5.5
Spellcasting   | 4 |  4.1
Fighting       | |  0.3
Armour         | |  0.4
Dodging        | |  2.4
Stealth        | |  2.5
Translocations | |  0.7
Alchemy        | |  0.5

Action                     |  1- 3 |  4- 6 || total
---------------------------+-------+-------++-------
  Melee: Short sword       |    19 |       ||    19
         Punch             |     1 |       ||     1
   Cast: Magic Dart        |    56 |    10 ||    66
         Searing Ray       |     1 |     4 ||     5
    Use: Potion            |       |     1 ||     1
   Stab: Sleeping          |     1 |       ||     1
 Armour: Robe              |     4 |       ||     4
         Leather armour    |    12 |     5 ||    17
  Dodge: Dodged            |    23 |       ||    23
